 Dungeon Crawl Stone Soup version 0.29.1-2-gbd0b4ee654 (webtiles) character file.

Game seed: 13755354555864270937

626 H0rd4k the Insei (level 7, -5/48 HPs)
             Began as an Octopode Artificer on Nov 21, 2022.
             Shot with an arrow by a centaur (12 damage)
             ... on level 7 of the Dungeon on Nov 22, 2022.
             The game lasted 00:05:56 (4442 turns).

H0rd4k the Insei (Octopode Artificer)               Turns: 4442, Time: 00:05:56

Health: -5/48      AC:  1    Str: 11    XL:     7   Next: 47%
Magic:  20/20      EV: 13    Int: 16    God:
Gold:   303        SH:  0    Dex: 12    Spells: 12/12 levels left

rFire   . . .      SeeInvis .     - Unarmed
rCold   . . .      Faith    .   (no shield)
rNeg    . . .      Spirit   .   (helmet restricted)
rPois   .          Reflect  .   a - amulet of regeneration
rElec   .          Harm     .   e - ring of magical power
rCorr   .          Rampage  .   (no ring)
Will    .....                   (no ring)
Stlth   +++.......              (no ring)
HPRegen 0.96/turn               (no ring)
MPRegen 0.17/turn               (no ring)
                                (no ring)
                                (no ring)

@: weak-willed
A: almost no armour, amphibious, 8 rings, camouflage 1, gelatinous body 1,
(nimble swimmer 1), tentacles
a: no special abilities


You were on level 7 of the Dungeon.
You visited 1 branch of the dungeon, and saw 7 of its levels.

You collected 303 gold pieces.

Inventory:

Missiles
 s - 2 poisoned darts
Jewellery
 a - an amulet of regeneration (around mantle)
 e - a ring of magical power (left tentacle)
Wands
 b - a wand of flame (6) (quivered)
Scrolls
 c - a scroll of fear {unknown}
 f - 13 scrolls of identify
 k - 2 scrolls of butterflies {unknown}
 l - 2 scrolls of amnesia {unknown}
 n - 5 scrolls of teleportation {unknown}
 q - 2 scrolls of blinking {unknown}
 r - a scroll of immolation {unknown}
 t - a scroll of brand weapon {unknown}
Potions
 i - a potion of might {unknown}
 j - a potion of berserk rage {unknown}
 m - a potion of heal wounds {unknown}
 o - 2 potions of curing
 p - 2 potions of lignification {unknown}
 u - 2 potions of attraction {unknown}


   Skills:
 * Level 4.0 Fighting
 - Level 2.3 Dodging
 - Level 1.3 Stealth
 + Level 5.2 Unarmed Combat
 * Level 3.3 Spellcasting
 - Level 3.2 Evocations


You had 12 spell levels left.
You didn't know any spells.
Your spell library contained the following spells:

 Spells                   Type           Power      Damage    Failure   Level
 Static Discharge         Conj/Air       2%         3-4/arc   28%         2
 Lightning Bolt           Conj/Air       1%         1d12      99%         5
 Maxwell's Capacitive Co  Air            1%         ∞         100%        8


Dungeon Overview and Level Annotations

Branches:
Dungeon (7/15)             Temple (0/1) D:5

Altars:
Qazlal
Uskayaw
The Shining One

Shops:
D:4 ?

Annotations:
D:6 exclusions: gnoll and steam dragon, Eustachio, Pikel


Innate Abilities, Weirdness & Mutations

You cannot wear most types of armour.
You are amphibious.
You can wear up to eight rings at the same time.
Your skin changes colour to match your surroundings (Stealth+).
Your rubbery body absorbs attacks. (AC +1, EV +1)
((You are camouflaged when in or above water. (Stealth+)))
You have tentacles for arms and can constrict up to eight enemies at once.


Message History

A wight comes into view.
It is wielding a +0 dagger. 4 wights come into view.
Pikel, Merchant of Souls comes into view.
He is wielding a +2 whip of flaming.
A lemure comes into view.
Pikel says, "Hell isn't that bad."
There is a stone staircase leading down here.
You climb downwards.
There is a stone staircase leading up here.
The orc priest shouts!
The orc shouts!
The orc warrior shouts!
You hear a shout!
An orc wizard comes into view. It is wielding a +0 dagger.
You hear a shout! x2
The orc priest mumbles some strange prayers to Beogh against you.
Beogh smites you!
Found a plate armour.
The centaur wields a +0 shortbow.
The centaur shoots an arrow.
The arrow misses you.
The centaur shoots an arrow.
The arrow hits you!
Okay, then.
Unknown command.
As you read the scroll labelled VUMUFI KEFENA, it crumbles to dust.
It is a scroll of identify.
o - 3 potions of curing The centaur shoots an arrow.
The arrow hits you!
The centaur shoots an arrow.
The arrow hits you!
You hear a shout!
As you read the scroll labelled MOSCHE URHIAD, it crumbles to dust.
It is a scroll of enchant armour.
You aren't carrying any armour which can be enchanted further.
The air fills with toxic fumes!
As you read the scroll labelled KUUPRO EPPUPN, it crumbles to dust.
It was a scroll of poison.
The centaur shoots an arrow.
The arrow hits you!
* * * LOW HITPOINT WARNING * * *
You feel better.
The centaur shoots an arrow.
The arrow barely misses you.
As you read the scroll labelled VELARAGRIE, it crumbles to dust.
Magic quickly surges around you.
It was a scroll of vulnerability.
The centaur shoots an arrow.
The arrow hits you!
* * * LOW HITPOINT WARNING * * *
The centaur shoots an arrow.
The arrow hits you!
You die...

### #####.## ###
###..#...#####@#
#.... #...#o§§§#
##...###§§§§§§§§#
#.......§§c§§§§§#
###.....#§§o§§§§§#
#.#.....#§§§§§§§§#
.........§§§§§§§##
.....<...§§§§§§§#
#..oo..........##


You could see an orc warrior (weak-willed), a centaur (weak-willed) and an orc
priest (weak-willed).

Vanquished Creatures
  2 ogres
  A lemure (D:5)
  A bullfrog (D:6)
  A hound (D:5)
  A gnoll bouda (D:5)
  2 iguanas
  Natasha (thrice) (D:4)
  2 orc wizards
  2 gnolls (D:5)
  3 adders
  A white imp (D:6)
  3 dart slugs
  10 orcs
  5 ball pythons
  4 bats
  3 endoplasms
  2 giant cockroaches
  7 goblins
  3 hobgoblins
  2 quokkas
  2 frilled lizards
  9 kobolds
  4 rats
73 creatures vanquished.

Vanquished Creatures (collateral kills)
  3 gnolls (D:4)
  2 orcs (D:4)
5 creatures vanquished.

Vanquished Creatures (others)
  An orc priest (D:3)
  2 orc wizards
  An adder (D:4)
  3 fungi (D:4)
7 creatures vanquished.

Grand Total: 85 creatures vanquished

Notes
Turn   | Place    | Note
-------+----------+-------------------------------------------
     0 | D:1      | H0rd4k the Octopode Artificer began the quest for the Orb.
     0 | D:1      | Reached XP level 1. HP: 13/13 MP: 1/1
   265 | D:1      | Reached skill level 1 in Spellcasting
   265 | D:1      | Reached XP level 2. HP: 18/18 MP: 3/3
   918 | D:2      | Reached XP level 3. HP: 20/24 MP: 5/5
  1413 | D:3      | Reached skill level 1 in Unarmed Combat
  1717 | D:3      | Found a faded altar of an unknown god.
  1735 | D:3      | Found a faded altar of an unknown god.
  2174 | D:3      | Reached XP level 4. HP: 29/29 MP: 6/6
  2327 | D:3      | Reached skill level 2 in Unarmed Combat
  2643 | D:4      | Found Peomuar's Magic Scroll Emporium.
  2668 | D:4      | Noticed Natasha
  2675 | D:4      | Killed Natasha
  2676 | D:4      | Reached XP level 5. HP: 35/35 MP: 8/8
  2757 | D:4      | Noticed an ogre
  2789 | D:4      | Identified the +4 leather armour of Death's Door {Int+2}
  2913 | D:4      | Reached skill level 3 in Unarmed Combat
  2959 | D:4      | Noticed Natasha
  2968 | D:4      | Killed Natasha
  2981 | D:4      | Killed an ogre
  2982 | D:4      | Reached XP level 6. HP: 42/42 MP: 10/10
  2990 | D:4      | Found a stormy altar of Qazlal.
  3489 | D:5      | Entered Level 5 of the Dungeon
  3535 | D:5      | Found a hide-covered altar of Uskayaw.
  3535 | D:5      | Noticed a +0 spear
  3536 | D:5      | Noticed a +0 falchion
  3537 | D:5      | Noticed a +0 spear
  3537 | D:5      | Noticed a +0 short sword
  3537 | D:5      | Noticed a +0 falchion
  3538 | D:5      | Noticed a +0 dagger
  3538 | D:5      | Noticed a +0 dagger
  3540 | D:5      | Noticed a +0 short sword
  3572 | D:5      | Reached skill level 4 in Unarmed Combat
  3650 | D:5      | Found a staircase to the Ecumenical Temple.
  3662 | D:4      | HP: 2/42 [gnoll/+0 flail[a gnoll bouda] (6)]
  3664 | D:4      | Noticed Natasha
  3727 | D:4      | Killed Natasha
  3811 | D:5      | Reached XP level 7. HP: 47/47 MP: 11/11
  4210 | D:6      | Reached skill level 5 in Unarmed Combat
  4220 | D:6      | Found a glowing golden altar of the Shining One.
  4384 | D:6      | Noticed a steam dragon
  4394 | D:6      | Noticed Eustachio
  4401 | D:6      | Noticed Pikel
  4442 | D:7      | Shot with an arrow by a centaur

Illustrated notes

Levels and vault maps discovered:
D:1:      dpeg_arrival_orchard, layout_loops_ring
D:2:      layout_loops_ring
D:3:      layout_basic, hellmonk_ecumenical_altar_the_god_not_taken,
          kennysheep_orc_chapel
D:4:      layout_basic, mainiacjoe_overflow_boulevard, serial_shops,
          nicolae_diamond_shop, uniq_natasha
D:5:      layout_cave_pools, nicolae_uskayaw_en_pointe, minmay_temple_entry_mist
D:6:      layout_basic, kiku_gazebo_pond_becter,
          mainiacjoe_overflow_tiny_flanked, minmay_statues_item, hex_medium,
          uniq_eustachio, uniq_pikel
D:7:      layout_cave_pools, uniq_crazy_yiuf_cottage

Skill      XL: |  1  2  3  4  5  6  7 |
---------------+----------------------+-----
Spellcasting   | 1 2 3 |  3.3
Fighting       | 2 3 4 |  4.0
Unarmed Combat | 1 2 3 4 5 |  5.2
Dodging        | |  2.3
Stealth        | |  1.3
Evocations     | |  3.2

Action                   |  1- 3 |  4- 6 |  7- 9 || total
-------------------------+-------+-------+-------++-------
Melee: Unarmed           |   114 |    70 |    28 ||   212
       Constrict         |    27 |    17 |     6 ||    50
       Tentacles         |    27 |    16 |     9 ||    52
       Punch             |     1 |     1 |     1 ||     3
Evoke: Wand              |       |    29 |       ||    29
  Use: Scroll            |       |       |     4 ||     4
       Potion            |       |       |     1 ||     1
 Stab: Sleeping          |     9 |     7 |       ||    16
Armor: Skin              |    12 |     3 |     1 ||    16
Dodge: Dodged            |    68 |    43 |    18 ||   129
